 Dungeon Crawl Stone Soup version 0.31-a0-193-gdfe2569204 (webtiles) character file.

Game seed: 17386431359142943648

13 qw the Shooter (level 2, -1/16 HPs)
             Began as a Deep Elf Hunter on June 24, 2023.
             Succumbed to their own poison gas
             ... on level 1 of the Dungeon.
             The game lasted 00:00:11 (617 turns).

qw the Shooter (Deep Elf Hunter)                     Turns: 617, Time: 00:00:11

Health: -1/16      AC:  6    Str:  8    XL:     2   Next: 24%
Magic:  4/4        EV:  8    Int: 13    God:
Gold:   46         SH:  0    Dex: 18    Spells: 1/1 levels left

rFire   . . .        Y - +0 shortbow
rCold   . . .        (shield currently unavailable)
rNeg    . . .        g - +0 scale mail
rPois   .            (no helmet)
rElec   .            (no cloak)
rCorr   .            (no gloves)
SInv    .            (no boots)
Will    .....        (no amulet)
Stlth   +            (no ring)
HPRegen 0.22/turn    (no ring)
MPRegen 0.09/turn

%: no passive effects
@: lethally poisoned (-1 -> -10)
A: no striking features
a: no special abilities


You were on level 1 of the Dungeon.
You visited 1 branch of the dungeon, and saw 1 of its levels.

You collected 46 gold pieces.


   Skills:
 - Level 1.5 Fighting
 + Level 6.1 Ranged Weapons
 - Level 2.4 Dodging
 - Level 1.2 Stealth


You had one spell level left.
You didn't know any spells.
Your spell library was empty.

Inventory:

Hand Weapons
 Y - a +0 shortbow (weapon)
Armour
 g - a +0 scale mail (worn)
Scrolls
 a - a scroll of identify

Dungeon Overview and Level Annotations

Branches:
Dungeon (1/15)

Altars:


Message History

Done exploring.
610 ||| READING 2 scrolls labelled GASMAGR CAIMP.
As you read the scroll labelled GASMAGR CAIMP, it crumbles to dust.
It is a scroll of identify.
Really abort (and waste the scroll)?
Done exploring.
611 ||| READING scroll labelled ECHEUK MITHY.
The air fills with toxic fumes!
As you read the scroll labelled ECHEUK MITHY, it crumbles to dust.
It was a scroll of poison.
Done exploring.
612 ||| READING scroll labelled OQO BOPESTRIUMO.
As you read the scroll labelled OQO BOPESTRIUMO, it crumbles to dust.
You hear a loud clanging noise!
It was a scroll of noise.
Done exploring.
613 ||| DROPPING scroll of butterflies.
You drop a scroll of butterflies.
Done exploring.
(D) Dungeon
Where to? (* - list waypoints, ? - help)
What level of the Dungeon? (default 1, ? - help) Sorry, I don't know how to get there.
Enter note:
Enter note:
Enter note:
Enter note:
Enter note:
Enter note: Really walk into that cloud of poison gas?
You are engulfed in poison gas.
You are lethally poisoned!
You feel very sick.
615 ||| Stepping ~*~*~tactically~*~*~ (cloud).
You feel very sick.
Things that are here:
a scroll of butterflies; a +0 leather armour
There is a lethal amount of poison in your body!
You feel very sick.
There is a lethal amount of poison in your body!
You die...

####...##.#.# #.##.# #
##.....#.# #.##.#
######....#.# #.#..#
........#...# #.#.##
#######.##%.# #...#
....#.....).###..#####
###.#.#.###..........#
#.#.#.# #..#.#####¤# #
#...#.# #...^#@¤0¤¤# #
#####.###.#.>#¤##### #
#........#¤# #
######.#.#¤# #
#.......#¤# #
#.###...#¤# # #.#
#...#¤# # #.###...#¤#
########.#....[..#


There were no monsters in sight!

Vanquished Creatures
  2 bats (D:1)
  An endoplasm (D:1)
  A goblin (D:1)
  2 hobgoblins (D:1)
  A kobold (D:1)
  A quokka (D:1)
  A ball python (D:1)
  3 rats (D:1)
12 creatures vanquished.

Notes
Turn   | Place    | Note
-------+----------+-------------------------------------------
     0 | D:1      | qw the Deep Elf Hunter began the quest for the Orb.
     0 | D:1      | Reached XP level 1. HP: 12/12 MP: 3/3
     0 | D:1      | 0 ||| qw: Version: 0.3-a-9-g12657ce
     0 | D:1      | 0 ||| qw: Game counter: 4692
     0 | D:1      | 0 ||| qw: Always use a shield: true
     0 | D:1      | 0 ||| qw: God list: Okawaru
     0 | D:1      | 0 ||| qw: Allow faded altars: false
     0 | D:1      | 0 ||| qw: Do Orc after D:15 true
     0 | D:1      | 0 ||| qw: Do second Lair branch before Depths: true
     0 | D:1      | 0 ||| qw: Lair rune preference: random
     0 | D:1      | 0 ||| qw: Plans: Normal
     0 | D:1      | 0 ||| PLANNING D:1-11
   221 | D:1      | Reached skill level 6 in Ranged Weapons
   221 | D:1      | Reached XP level 2. HP: 16/16 MP: 4/4
   599 | D:1      | 599 ||| UPGRADING to +0 scale mail.
   609 | D:1      | 609 ||| DROPPING +0 leather armour.
   610 | D:1      | 610 ||| READING 2 scrolls labelled GASMAGR CAIMP.
   611 | D:1      | 611 ||| READING scroll labelled ECHEUK MITHY.
   612 | D:1      | 612 ||| READING scroll labelled OQO BOPESTRIUMO.
   613 | D:1      | 613 ||| DROPPING scroll of butterflies.
   615 | D:1      | 615 ||| Stepping ~*~*~tactically~*~*~ (cloud).
   615 | D:1      | HP: 4/16 [poisoned by you (poison gas)]
   616 | D:1      | HP: 1/16 [poisoned by you (poison gas)]
   617 | D:1      | Succumbed to their own poison gas

Levels and vault maps discovered:
D:1:      mrwooster_arrival_statue_2, layout_basic

Skill      XL: |  1 |
---------------+----+-----
Ranged Weapons | 6 |  6.1
Fighting       | |  1.5
Dodging        | |  2.4
Stealth        | |  1.2

Action                     || total
---------------------------++-------
   Fire: Shortbow          ||    38
    Use: Scroll            ||     3
 Armour: Leather armour    ||     4
  Dodge: Dodged            ||     7

Table legend:
 A = Non-vault XP
 B = Vault XP
 C = Vault XP percentage of total XP
 D = Non-vault monster count
 E = Vault monster count
 F = Vault count percentage of total count
                 A         B        C        D         E       F
            +---------+---------+-------+---------+---------+-------
      Total |      19 |       0 |   0.0 |      12 |       0 |   0.0
            +---------+---------+-------+---------+---------+-------
        D:1 |      19 |       0 |   0.0 |      12 |       0 |   0.0
            +---------+---------+-------+---------+---------+-------
